 Dungeon Crawl Stone Soup version 0.19.0-19-g8c6edcc (webtiles) character file.

4321 Woebin the Slicer (level 10, -13/61 HPs)
             Began as a Kobold Berserker on Nov 9, 2016.
             Was a High Priest of Trog.
             Mangled by goblinboy's ghost (16 damage)
             ... on level 1 of the Lair of Beasts on Nov 14, 2016.
             The game lasted 00:37:53 (9286 turns).

Woebin the Slicer (Kobold Berserker)                Turns: 9286, Time: 00:37:53

Health: -13/61     AC: 14    Str: 19    XL:     10   Next: 58%
Magic:  10/10      EV: 19    Int:  8    God:    Trog [*****.]
Gold:   113        SH:  7    Dex: 17    Spells: 0 memorised, 9 levels left

rFire  . . .     SeeInvis .     y - +1 dagger (drain)
rCold  . . .     Gourm    .     L - +0 troll leather armour
rNeg   . . .     Faith    .     M - +0 buckler
rPois  .         Spirit   .     i - +0 helmet
rElec  .         Reflect  +     F - +2 cloak
rCorr  .         Harm     .     S - +0 pair of gloves
MR     .....                    f - +0 pair of boots
Stlth  ++++......               T - +3 amulet of reflection
                                U - ring of Empuomibae {+Blink Str+3}
                                G - +3 ring of protection

@: no status effects
A: carnivore 3
a: Berserk, Trog's Hand, Brothers in Arms, Burn Spellbooks, Renounce Religion,
Evoke Blink


You were on level 1 of the Lair of Beasts.
You worshipped Trog.
Trog was extremely pleased with you.
You were completely stuffed.

You visited 2 branches of the dungeon, and saw 10 of its levels.

You collected 588 gold pieces.
You spent 475 gold pieces at shops.

Inventory:

Hand Weapons
 w - a +2 dagger of venom
 y - a +1 dagger of draining (weapon)
Armour
 f - a +0 pair of boots (worn)
 i - a +0 helmet (worn)
 F - a +2 cloak (worn)
 L - a +0 troll leather armour (worn)
 M - a +0 buckler (worn)
 S - a +0 pair of gloves (worn)
Jewellery
 G - a +3 ring of protection (left hand)
 T - a +3 amulet of reflection (around neck)
 U - the ring of Empuomibae (right hand) {+Blink Str+3}
   (You bought it in a shop on level 9 of the Dungeon)

   [ring of strength]

   It affects your strength (+3).
   It lets you blink.
Wands
 r - a wand of polymorph (7/24)
 x - a wand of iceblast (6/15)
 H - a wand of slowing (22/48)
Scrolls
 b - 6 scrolls of identify
 d - 4 scrolls of enchant armour
 e - 5 scrolls of magic mapping
 k - 2 scrolls of blinking
 m - a scroll of teleportation
 n - 2 scrolls of fear
 o - a scroll of torment {unknown}
 q - 3 scrolls of amnesia
 I - 3 scrolls of recharging
 O - a scroll of random uselessness {unknown}
Potions
 g - a potion of might
 h - 9 potions of curing
 j - a potion of cancellation
 l - a potion of beneficial mutation {unknown}
 u - a potion of lignification {unknown}
 B - a potion of flight {unknown}
 C - 3 potions of heal wounds
 D - 2 potions of agility
 E - a potion of mutation {unknown}
 K - a potion of berserk rage
 N - a potion of resistance {unknown}
 P - a potion of brilliance {unknown}
 Q - a potion of haste {unknown}
Books
 t - a book of Dreams

   Spells                             Type                      Level
   a - Ensorcelled Hibernation        Hexes/Ice                    2
   b - Silence                        Hexes/Air                    5
   c - Darkness                       Hexes                        6
   d - Shadow Creatures               Summoning                    6
   Trog disapproves of the use of such an item.
Comestibles
 c - 4 meat rations
 z - 9 beef jerkies
 R - 3 chunks of flesh


   Skills:
 + Level 6.4 Fighting
 + Level 10.3(10.9) Short Blades
   Level 3.8(5.7) Long Blades
   Level 3.6 Polearms
 + Level 3.5 Armour
 + Level 7.4 Dodging
 * Level 9.2 Stealth
 + Level 0.2 Shields
 + Level 0.4 Unarmed Combat


You had 9 spell levels left.
You didn't know any spells.

Dungeon Overview and Level Annotations

Branches:
Dungeon (9/15)             Temple (0/1) D:6            Lair (1/6) D:9
    Orc: D:9-12

Altars:
Cheibriados
Dithmenos
Elyvilon
Fedhas
Gozag
Nemelex Xobeh
Sif Muna
Trog
Uskayaw
Vehumet
Zin
The Shining One
Beogh

Shops:
D:9 =

Annotations:
Lair:1 goblinboy's ghost, journeyman MiBe


Innate Abilities, Weirdness & Mutations

You are small and have problems with some larger weapons.
You are carnivorous and can eat meat at any time.


Message History

Goblinboy's ghost completely misses you.
You hit goblinboy's ghost but do no damage.
You barely miss goblinboy's ghost.
Goblinboy's ghost whispers, "Meet the emptiness of death!"
Goblinboy's ghost hits you!
You are electrocuted!
You hit goblinboy's ghost but do no damage.
You hit goblinboy's ghost.
Goblinboy's ghost is lightly damaged.
Goblinboy's ghost hits you.
You hit goblinboy's ghost but do no damage.
Goblinboy's ghost is lightly damaged.
You hit goblinboy's ghost but do no damage.
Goblinboy's ghost is lightly damaged.
You feel less exhausted. Goblinboy's ghost hits you!
Okay, then.
You fail to use your ability.
Goblinboy's ghost hits you!!
* * * LOW HITPOINT WARNING * * *
You are electrocuted!
You die...

#....[..#
#)......#
#...[....
#.......#
##.......#
#........#
#........#
##.......#
#@......#
#..W.....#
##.......#
#.......#
##.....##
.....#
.....#
.....#


You could see goblinboy's ghost.

Vanquished Creatures
  Joseph (D:7)
  A troll (D:6)
  A hornet (D:7)
  A hippogriff (D:9)
  The ghost of lynn the Shield-Bearer, an amateur FoFi (D:3)
  A basilisk (Lair:1)
  2 hungry ghosts
  An ice beast (D:6)
  2 black bears
  2 ogres
  A phantom (D:6)
  3 sky beasts
  3 big kobolds
  5 bullfrogs
  A gnoll sergeant (D:7)
  A water moccasin zombie (D:6)
  A scorpion (D:5)
  3 howler monkeys
  3 crimson imps
  2 bullfrog zombies
  2 hounds
  A jelly (D:6)
  2 bullfrog skeletons
  5 orc priests (D:4)
  Ijyb (D:2)
  4 iguanas
  Natasha (thrice) (D:3)
  11 orc wizards
  2 worker ants
  A killer bee zombie (D:8)
  A worker ant zombie (D:8)
  A howler monkey zombie (D:7)
  3 gnolls (D:7)
  A howler monkey skeleton (D:8)
  10 adders
  A shadow imp (D:7)
  3 adder skeletons
  3 worms (D:4)
  3 leopard geckos
  31 orcs
  2 ball pythons
  12 bats
  6 giant cockroaches
  5 goblins
  14 hobgoblins
  13 jackals
  19 kobolds
  7 frilled lizards
  A leopard gecko zombie (D:6)
  4 rats
208 creatures vanquished.

Notes
Turn   | Place    | Note
-------+----------+-------------------------------------------
     0 | D:1      | Woebin the Kobold Berserker began the quest for the Orb.
     0 | D:1      | Reached XP level 1. HP: 14/14 MP: 1/1
   291 | D:1      | Reached XP level 2. HP: 19/19 MP: 2/2
  1354 | D:2      | Reached XP level 3. HP: 23/24 MP: 3/3
  1421 | D:2      | Noticed Ijyb
  1467 | D:2      | Killed Ijyb
  1467 | D:2      | Reached skill level 5 in Short Blades
  1467 | D:2      | Reached XP level 4. HP: 15/29 MP: 4/4
  2602 | D:3      | Reached ** piety under Trog
  2782 | D:3      | Noticed lynn's ghost (amateur FoFi)
  2793 | D:3      | Killed lynn's ghost
  2793 | D:3      | Reached skill level 6 in Short Blades
  2793 | D:3      | Reached XP level 5. HP: 29/34 MP: 5/5
  2793 | D:3      | Reached XP level 6. HP: 34/39 MP: 6/6
  2911 | D:3      | Noticed Natasha
  2921 | D:3      | Killed Natasha
  2991 | D:3      | Noticed Natasha
  3022 | D:3      | Killed Natasha
  3026 | D:3      | Noticed Natasha
  3034 | D:3      | Killed Natasha
  3588 | D:3      | Reached skill level 1 in Long Blades
  3591 | D:3      | Reached XP level 7. HP: 30/44 MP: 7/7
  4002 | D:4      | Reached *** piety under Trog
  4532 | D:4      | Found a roughly hewn altar of Beogh.
  4771 | D:4      | Reached XP level 8. HP: 48/48 MP: 8/8
  5026 | D:4      | Noticed a dagger
  5027 | D:4      | Noticed a dagger
  5028 | D:4      | Found a hide-covered altar of Uskayaw.
  5041 | D:4      | Found an opulent altar of Gozag.
  5424 | D:5      | Entered Level 5 of the Dungeon
  5441 | D:5      | Reached skill level 5 in Fighting
  5441 | D:5      | Reached skill level 7 in Short Blades
  5447 | D:5      | Got a crude spear
  5448 | D:5      | Identified the +4 spear of the Mouth {venom, Str+5} (You found it on level 5 of the Dungeon)
  5507 | D:5      | Upgraded the game from 0.19.0-11-g3fc08b3 to 0.19.0-19-g8c6edcc
  5587 | D:5      | Reached skill level 5 in Stealth
  5630 | D:5      | Reached skill level 8 in Short Blades
  5630 | D:5      | Reached skill level 5 in Dodging
  5634 | D:5      | Reached XP level 9. HP: 49/54 MP: 9/9
  5659 | D:5      | Reached **** piety under Trog
  5659 | D:5      | Reached skill level 1 in Polearms
  5846 | D:5      | Found a sparkling altar of Nemelex Xobeh.
  6206 | D:6      | Found a staircase to the Ecumenical Temple.
  6430 | D:6      | Noticed a troll
  6452 | D:6      | Killed a troll
  6611 | D:6      | Found a shadowy altar of Dithmenos.
  6632 | D:6      | Found a bloodstained altar of Trog.
  6637 | D:6      | Found a glowing golden altar of the Shining One.
  6690 | D:6      | Found a deep blue altar of Sif Muna.
  6691 | D:6      | Found a white marble altar of Elyvilon.
  6691 | D:6      | Found a snail-covered altar of Cheibriados.
  6691 | D:6      | Found a glowing silver altar of Zin.
  6691 | D:6      | Found a radiant altar of Vehumet.
  6692 | D:6      | Found a blossoming altar of Fedhas.
  6994 | D:7      | Noticed a hornet
  7019 | D:7      | Paralysed by a hornet for 1 turns
  7024 | D:7      | Killed a hornet
  7024 | D:7      | Reached XP level 10. HP: 60/60 MP: 10/10
  7028 | D:7      | Reached skill level 9 in Short Blades
  7113 | D:7      | Noticed Joseph
  7153 | D:7      | Killed Joseph
  7397 | D:7      | Reached ***** piety under Trog
  7760 | D:8      | Reached skill level 10 in Short Blades
  9166 | D:9      | Found Piasir's Jewellery Shoppe.
  9167 | D:9      | Found a staircase to the Lair.
  9171 | D:9      | Bought the ring of Empuomibae {+Blink Str+3} for 475 gold pieces
  9206 | Lair:1   | Entered Level 1 of the Lair of Beasts
  9276 | Lair:1   | Noticed goblinboy's ghost (journeyman MiBe)
  9286 | Lair:1   | HP: 3/61 [goblinboy's ghost (22)]
  9286 | Lair:1   | Mangled by goblinboy's ghost

Skill      XL: |  1  2  3  4  5  6  7  8  9 10 |
---------------+-------------------------------+-----
Short Blades   | 5 6 8 10 | 10.3
Fighting       | 4 5 6 |  6.4
Dodging        | 3 4 5 6 7 |  7.4
Armour         | 2 3 |  3.5
Stealth        | 2 3 4 5 7 9 |  9.2
Long Blades    | 1 2 3 |  3.8
Polearms       | 3 |  3.6
Shields        | |  0.2
Unarmed Combat | |  0.4

Action                   |  1- 3 |  4- 6 |  7- 9 | 10-12 || total
-------------------------+-------+-------+-------+-------++-------
Melee: Short sword       |   105 |    80 |       |       ||   185
       Long sword        |       |    67 |    96 |       ||   163
       Unarmed           |       |    14 |       |       ||    14
       Rapier            |       |       |    91 |       ||    91
       Punch             |       |       |     2 |       ||     2
       Spear             |       |       |   105 |       ||   105
       Dagger            |       |       |   234 |   373 ||   607
Invok: Berserk           |     2 |     4 |     6 |     1 ||    13
       Trog's Hand       |       |     1 |     1 |       ||     2
  Use: Scroll            |       |     3 |     3 |     4 ||    10
       Potion            |       |     1 |       |     3 ||     4
 Stab: Sleeping          |       |     1 |    12 |     4 ||    17
       Distracted        |       |       |     2 |       ||     2
  Eat: Chunk             |     7 |    14 |    19 |     9 ||    49
Armor: Animal skin       |     6 |       |       |       ||     6
       Leather armour    |    13 |    41 |    74 |       ||   128
       Skin              |       |     2 |       |       ||     2
       Troll leather arm |       |       |    17 |    58 ||    75
Dodge: Dodged            |    55 |   205 |   385 |   184 ||   829
Block: Buckler           |       |       |       |    31 ||    31
       Rpst.: Long sword |       |    26 |    31 |       ||    57
